 Dungeon Crawl Stone Soup version 0.17-a0-484-g0e03f6a (webtiles) character file.

147 Pikaro the Poker (level 5, -2/45 HPs)
             Began as a Centaur Chaos Knight on Apr 11, 2015.
             Slain by Pikaro's ghost (7 damage)
             ... while paralysed by Pikaro's ghost
             ... on level 3 of the Dungeon.
             The game lasted 00:07:44 (4201 turns).

Pikaro the Poker (Centaur Chaos Knight)             Turns: 4201, Time: 00:07:46

Health: -2/45      AC:  6    Str: 15    XL:     5   Next: 7%
Magic:  5/5        EV:  1    Int: 11    God:    Xom [..*...]
Gold:   80         SH:  0    Dex:  9    Spells: 0 memorised, 4 levels left

rFire  + . .     SeeInvis .     a - +0 spear (chaos)
rCold  x . .     Clarity  .     b - +2 leather armour
rNeg   . . .     SustAb   .     (no shield)
rPois  .         Gourm    .     (no helmet)
rElec  .         Spirit   .     (no cloak)
rCorr  .         Warding  .     (no gloves)
rMut   .         Stasis   .     (no barding)
MR     .....                    (no amulet)
Stlth  ..........               (no ring)
                                l - ring of fire {rF+, rC-}

@: paralysed, lethally poisoned (-2 -> -9), drained, very quick, not resistant
to hostile enchantments, extremely unstealthy
A: hooves 3, deformed body, speed 2, tough skin 3
a: Renounce Religion


You were on level 3 of the Dungeon.
You worshipped Xom.
You were a toy of Xom.
You were not hungry.

You visited 1 branch of the dungeon, and saw 3 of its levels.

You collected 80 gold pieces.

Inventory:

Hand weapons
 a - a +0 spear of chaos (weapon)
Missiles
 h - 15 poisoned needles
Armour
 b - a +2 leather armour (worn)
Jewellery
 l - a ring of fire (left hand) {rF+, rC-}
   (You found it on level 2 of the Dungeon)
Magical devices
 j - a wand of fire (4)
   (You found it on level 3 of the Dungeon)
 r - a wand of flame (7)
   (You took it off Terence on level 2 of the Dungeon)
Scrolls
 e - a scroll of magic mapping {!r}
 f - a scroll of enchant weapon {unknown}
 i - a scroll of amnesia {unknown}
 m - a scroll of blinking {!r}
 o - a scroll of recharging
Potions
 g - a potion of lignification {unknown}
 k - a potion of cancellation {unknown}
 p - a potion of heal wounds
Comestibles
 c - a bread ration
 d - 2 royal jellies
 n - a beef jerky
 q - a meat ration


   Skills:
 - Level 3.0(2.0) Fighting
 + Level 5.3(4.2) Polearms
 - Level 1.3(0.4) Armour
 - Level 0.6(0.0) Dodging


You had 4 spell levels left.
You didn't know any spells.

Dungeon Overview and Level Annotations

Branches:
Dungeon (3/15)

Altars:
Ashenzari
Cheibriados

Annotations:
D:3 Pikaro's ghost, average CeCK


Innate Abilities, Weirdness & Mutations

You have hooves in place of feet.
Armour fits poorly on your strangely shaped body.
You cover ground very quickly.
You have extremely tough skin (AC +3).


Message History

You see here a worm corpse.
You butcher the worm corpse.
j - 2 chunks of flesh Eating one of 2 chunks of flesh.
You continue eating. x2
You start resting.
Health restored: 45; Total turns waited: 124
k - a lumpy coppery potion Eating a chunk of flesh.
You continue eating. x2
A kobold comes into view. It is wielding a short sword.
The kobold shouts!
The kobold throws a stone.
The stone hits you but does no damage.
You see here a stone.
The kobold throws a stone.
The stone closely misses you.
Attack whom?
Aim: a kobold, wielding a short sword You reach to attack!
You closely miss the kobold.
The kobold throws a stone.
The stone barely misses you.
Attack whom?
Aim: a kobold, wielding a short sword You reach to attack!
You closely miss the kobold. You barely miss the kobold.
You closely miss the kobold. Your kick misses the kobold.
The kobold hits you with a short sword.
You take 4 damage, and have 41/45 hp.
You hit the kobold but do no damage. You kick the kobold, but do no damage.
The kobold closely misses you.
You closely miss the kobold. The kobold closely misses you.
You hit the kobold. You freeze the kobold.
You kill the kobold!
No target in view!
No target in view! a short sword; a kobold corpse You start resting.
Health restored: 45; Total turns waited: 23
j - a wand of fire Pikaro's ghost (average Centaur Chaos Knight) comes into view.
It is wielding a weapon of chaos.
Pikaro's ghost turns its malevolent gaze towards you.
Pikaro's ghost moves out of view.
Pikaro's ghost is too close now for your liking.
Drink which item? (? for menu, Esc to quit)
Okay, then.
Read which item? (? for menu, Esc to quit)
Okay, then.
Attack whom?
Aim: Pikaro's ghost, wielding a weapon of chaos You reach to attack!
You hit Pikaro's ghost but do no damage.
Pikaro's ghost flickers and vanishes!
Deactivating autopickup; reactivate with Ctrl-A.
Xom is highly amused! a short sword; a kobold corpse You see here a stone.
You see here a stone.
You see here a stone.
Something hits you.
You take 5 damage, and have 40/45 hp.
There is a stone staircase leading up here.
Something hits you.
You climb upwards.
There is a stone staircase leading down here.
You take 5 damage, and have 35/45 hp.
There are invisible monsters nearby!
Autopickup is now on.
You start resting.
Health restored: 45; Total turns waited: 63 You climb downwards.
Level annotation: Pikaro's ghost, average CeCK Xom grants you insight.
You detect items!
Pikaro's ghost closely misses you.
There is a stone staircase leading up here.
You closely miss Pikaro's ghost. Pikaro's ghost hits you.
You take 2 damage, and have 43/45 hp.
You hit Pikaro's ghost but do no damage.
You kick Pikaro's ghost. Pikaro's ghost hits you.
You take 5 damage, and have 38/45 hp.
You hit Pikaro's ghost.
Pikaro's ghost convulses.
You kick Pikaro's ghost, but do no damage.
Pikaro's ghost hits you! Pikaro's ghost freezes you.
You take 12 damage, and have 26/45 hp.
MASSIVE DAMAGE!!
You hit Pikaro's ghost.
Pikaro's ghost seems to slow down.
You barely miss Pikaro's ghost. Your kick misses Pikaro's ghost.
Pikaro's ghost hits you.
You suddenly lose the ability to move!
Pikaro's ghost is no longer moving slowly.
Pikaro's ghost hits you.
You shrug off the repeated paralysis!
Pikaro's ghost hits you!
You feel drained.
* * * LOW HITPOINT WARNING * * *
Pikaro's ghost hits you but does no damage.
Pikaro's ghost hits you.
* * * LOW HITPOINT WARNING * * *
Pikaro's ghost hits you.
* * * LOW HITPOINT WARNING * * *
You are lethally poisoned!
* * * LOW HITPOINT WARNING * * *
You feel sick. Pikaro's ghost hits you!
You die...
Xom howls with laughter!

#.##.###.## #.#(......#
#####################.#..###.##
...........)...(.((.#.#..# #.#
###################.#.#..# #.#
# #.#.#..# #.# .. #.#.######.#
... #.. ######.#........# ..+
#.. #..@...#######..# .. +...
#.#.W.......##).# .#
#...###.#.........##..# .#
#...†.#.#.##########..# .#∆
###.#.#.##########..# .#
#................#..# .#
#.#.#.#.########.#..# .#
#.#.#.#.# #.#..# .#∆# #
#.#.#.########.#..#


You could see Pikaro's ghost.

Vanquished Creatures
  Terence (D:2)
  4 adders
  3 worms
  A giant gecko (D:1)
  An ooze (D:1)
  6 bats
  3 giant cockroaches
  5 goblins
  9 hobgoblins
  5 jackals
  12 kobolds
  2 quokkas
  A ball python (D:2)
  5 giant newts
  6 rats
64 creatures vanquished.

Vanquished Creatures (others)
  A butterfly (D:1)
1 creature vanquished.

Grand Total: 65 creatures vanquished

Notes
Turn   | Place    | Note
--------------------------------------------------------------
     0 | D:1      | Pikaro, the Centaur Chaos Knight, began the quest for the Orb.
     0 | D:1      | Reached XP level 1. HP: 19/19 MP: 1/1
    76 | D:1      | XOM: harmless Conj miscast
   103 | D:1      | Reached skill level 3 in Polearms
   210 | D:1      | XOM: 2-stop teleportation journey
   228 | D:1      | XOM: 3-stop teleportation journey
   231 | D:1      | Reached XP level 2. HP: 26/26 MP: 2/2
   484 | D:1      | XOM: summons 1 hostile demon
   485 | D:1      | Noticed a hellwing
   487 | D:1      | XOM: butterfly on damage
   487 | D:1      | HP: 5/26 [hellwing[Xom] (5)]
   509 | D:2      | Found a snail-covered altar of Cheibriados.
   511 | D:2      | HP: 3/26 [jackal (3)]
   694 | D:2      | XOM: silly message
   923 | D:2      | Reached XP level 3. HP: 26/31 MP: 3/3
  1173 | D:2      | Reached skill level 4 in Polearms
  1185 | D:2      | XOM: harmless Necr miscast
  1188 | D:2      | XOM: divination: magic mapping
  1275 | D:2      | Found a shattered altar of Ashenzari.
  1766 | D:2      | Noticed Terence
  1819 | D:1      | XOM: smoke on damage
  1820 | D:1      | HP: 3/31 [hobgoblin/club (6)]
  1821 | D:1      | Reached XP level 4. HP: 3/38 MP: 4/4
  2431 | D:1      | XOM: mild Ice miscast
  2563 | D:2      | XOM: mild Divn miscast
  2644 | D:2      | XOM: draining
  3000 | D:3      | XOM: enchant monster (bad)
  3124 | D:2      | XOM: colour smoke trail
  3274 | D:2      | Found a snail-covered altar of Cheibriados.
  3472 | D:2      | Killed Terence
  3472 | D:2      | Reached skill level 5 in Polearms
  3535 | D:3      | Reached XP level 5. HP: 45/45 MP: 5/5
  3571 | D:3      | HP: 8/45 [something (4)]
  3584 | D:3      | XOM: 4-stop teleportation journey
  4087 | D:3      | Noticed Pikaro's ghost (average CeCK)
  4189 | D:3      | XOM: divination: detect items
  4194 | D:3      | Paralysed by Pikaro's ghost for 7 turns
  4200 | D:3      | HP: 6/45 [Pikaro's ghost (6)]
  4201 | D:3      | Slain by Pikaro's ghost

Action                   |  1- 3 |  4- 6 || total
-------------------------+-------+-------++-------
Melee: Spear             |   147 |   115 ||   262
  Use: Potion            |     2 |       ||     2
       Scroll            |     2 |     3 ||     5
  Eat: Chunk             |     2 |     7 ||     9

Vault maps used:
D:1:      tarquinn_simple_flora_water_b
D:2:      lemuel_doored_altar, nicolae_overflow_crystal_walls, uniq_terence
D:3:      first_bread

Table legend:
 A = Turns spent in this place as a percentage of turns spent in the entire game.
 B = Non-inter-level travel turns spent in this place as a percentage of non-inter-level travel turns spent in the entire game.
 C = Inter-level travel turns spent in this place as a percentage of turns spent in this place.
 D = Turns resting spent in this place as a percentage of non-inter-level travel turns spent in this place.
 E = Turns spent auto-exploring this place as a percentage of non-inter-level travel turns spent in this place.
 F = Non-inter-level travel turns spent in this place divided by the number of levels of this place that you've seen.
                   A       B       C       D       E      F
               +-------+-------+-------+-------+-------+----------------------
         Total | 100.0 | 100.0 |   0.5 |   7.6 |   8.8 | 323.3
       Dungeon | 100.0 | 100.0 |   0.5 |   7.6 |   8.8 | 323.3
               +-------+-------+-------+-------+-------+----------------------

Table legend:
 A = Kills in this place as a percentage of kills in entire the game.
 B = Kills by you in this place as a percentage of kills by you in the entire game.
 C = Kills by friends in this place as a percentage of kills by friends in the entire game.
 D = Other kills in this place as a percentage of other kills in the entire game.
 E = Experience gained in this place as a percentage of experience gained in the entire game.
 F = Experience gained in this place divided by the number of levels of this place that you have seen.
                   A       B       C       D       E      F
               +-------+-------+-------+-------+-------+----------------------
         Total | 100.0 | 100.0 |  -nan |  -nan | 100.0 |  70.0
       Dungeon | 100.0 | 100.0 |  -nan |  -nan | 100.0 |  70.0
               +-------+-------+-------+-------+-------+----------------------
